 Dungeon Crawl Stone Soup version 0.31-a0-844-gdc52ec4e09 (webtiles) character file.

Game seed: 13633568118981616916

1183 Dirtsage the Cleaver (level 8, 77/88 HPs)
             Began as a Demonspawn Berserker on Sept 28, 2023.
             Was a Priest of Trog.
             Quit the game on level 5 of the Dungeon.
             The game lasted 00:06:22 (2995 turns).

Dirtsage the Cleaver (Demonspawn Berserker)         Turns: 2995, Time: 00:06:22

Health: 77/88      AC: 10    Str: 19    XL:     8   Next: 19%
Magic:  8/8        EV:  8    Int:  8    God:    Trog [***...]
Gold:   37         SH:  0    Dex: 14    Spells: 7/7 levels left

rFire   . . .        r - +0 broad axe (drain)
rCold   . . .        (no shield)
rNeg    . . .        f - +0 chain mail
rPois   .            (no helmet)
rElec   .            (no cloak)
rCorr   +            (no gloves)
SInv    .            p - +0 pair of boots
Will    .....        (no amulet) Stlth
                     C - ring of resist corrosion
HPRegen 0.34/turn    (no ring)
MPRegen 0.11/turn

%: no passive effects
@: berserking (expiring), studying Shapeshifting, very quick
A: hooves 1, rugged brown scales 1, demonic guardian 2, demonic magic 1
a: Renounce Religion, Berserk, Trog's Hand


You were on level 5 of the Dungeon.
You worshipped Trog.
Trog was most pleased with you.
You visited 1 branch of the dungeon, and saw 5 of its levels.

You collected 281 gold pieces.
You spent 244 gold pieces at shops.

Inventory:

Hand Weapons
 a - a +0 hand axe
 r - a +0 broad axe of draining (weapon)
Armour
 b - a +0 animal skin
 c - a +0 kite shield
 f - a +0 chain mail (worn)
 h - a +0 ring mail
 p - a +0 pair of boots (worn)
Jewellery
 C - a ring of resist corrosion (left hand)
Wands
 D - a wand of digging (7)
Scrolls
 d - 3 scrolls of enchant weapon {unknown}
 g - 2 scrolls of fear
 i - a scroll of identify
 n - a scroll of immolation {unknown}
 o - a scroll of revelation
 t - 8 scrolls of teleportation
 B - a scroll of blinking
Potions
 e - 2 potions of mutation
 j - a potion of magic
 k - a potion of enlightenment {unknown}
 l - 3 potions of heal wounds
 m - a potion of brilliance {unknown}
 q - a potion of curing


   Skills:
 - Level 3.0 Fighting
 + Level 9.4 Axes
 - Level 1.7 Armour
 - Level 1.7 Dodging


You had 7 spell levels left.
You didn't know any spells.
Your spell library contained the following spells:

 Spells                   Type           Power      Damage    Failure   Level
 Freeze                   Ice            0%         1d3       98%         1
 Frozen Ramparts          Ice            0%         1d1       100%        3
 Gell's Gravitas          Tloc           0%         N/A       100%        3
 Hailstorm                Conj/Ice       0%         3d3       100%        3
 Teleport Other           Tloc           0%         N/A       100%        3
 Tukima's Dance           Hex            0%         N/A       100%        3
 Dimensional Bullseye     Hex/Tloc       0%         N/A       100%        4
 Iskenderun's Mystic Bla  Conj/Tloc      0%         2d3       100%        4
 Olgreb's Toxic Radiance  Pois           0%         N/A       100%        4
 Dispersal                Tloc           0%         N/A       100%        6
 Discord                  Hex            0%         N/A       100%        8
 Ignition                 Fire           0%         3d3       100%        8


Dungeon Overview and Level Annotations

Branches:
Dungeon (5/15)             Temple (0/1) D:5

Altars:
Cheibriados
Nemelex Xobeh

Shops:
D:4 ??


Innate Abilities, Weirdness & Mutations

You have large cloven feet.
You are partially covered in rugged brown scales. (AC +1, +3% HP)
A demonic guardian rushes to your aid.
Spells you cast may paralyse adjacent enemies.


Message History

You now have 77/79 hp.
You slash the orc priest! You drain the orc priest.
You kill the orc priest!
Trog accepts your kill.
You closely miss the iguana.
The iguana bites you but does no damage.
You barely miss the scorpion. You closely miss the iguana.
The scorpion closely misses you.
The iguana bites you but does no damage.
You barely miss the scorpion. You slash the iguana!
The scorpion stings you but does no damage.
You slash the iguana!
You kill the iguana!
Trog accepts your kill.
You closely miss the scorpion. The scorpion barely misses you.
Your Axes skill increases to level 9!
You have reached level 8!
You feel agile.
Your demonic ancestry asserts itself...
A menacing aura infuses your magic.
You regained 9 hp, and now have 87/88 hp.
MP restored: 8 You slash the scorpion!
You drain the scorpion.
You kill the scorpion!
Trog accepts your kill.
Health restored: 88 You slash the ogre!
The ogre is heavily wounded.
You slash the iguana!
The ogre hits you with a +0 giant spiked club.
The iguana bites you!
You take 11 damage, and have 77/88 hp.
You slash the iguana!
You kill the iguana!
Trog accepts your kill.
You slash the ogre!
You kill the ogre!
Trog accepts your kill.
No target in view!
No target in view!
Are you sure you want to abandon this character and quit the game? (Confirm with "yes".)

##### #.## # #..###
....... # ##.).# .......
### ###.## ....... ..###
#..## .>..... #...#
##..## ....... ###.#####
##..# ....... ###.....#
##.###)...... ...####.#
#..#@)......
.....##.#####...........
..##...........#........
..# ###.....>#..........
..####..÷#####..........
.......#†# ##.........
..######.# #.##......
..# #.## #..######. ..#
#..# #.#


There were no monsters in sight!

Vanquished Creatures
  An orc warrior (D:5)
  2 black bears (D:5)
  2 ogres
  A phantom (D:4)
  3 scorpions (D:5)
  An orc priest (D:5)
  3 iguanas
  Jessica (D:3)
  An orc wizard (D:5)
  Terence (D:2)
  A gnoll (D:1)
  8 adders
  A shadow imp (D:4)
  3 dart slugs
  3 orcs
  8 ball pythons
  7 endoplasms
  7 hobgoblins
  8 jackals
  5 kobolds
  A quokka (D:1)
  2 bats
  4 frilled lizards
  6 goblins
  A rat (D:3)
81 creatures vanquished.

Vanquished Creatures (collateral kills)
  An ogre (D:4)
  A phantom (D:5)
  A goblin (D:2)
  A bat (D:2)
4 creatures vanquished.

Grand Total: 85 creatures vanquished

Notes
Turn   | Place    | Note
-------+----------+-------------------------------------------
     0 | D:1      | Dirtsage the Demonspawn Berserker began the quest for the
                  | Orb.
     0 | D:1      | Reached XP level 1. HP: 18/18 MP: 1/1
   127 | D:1      | Reached skill level 3 in Axes
   127 | D:1      | Gained mutation: A weak demonic guardian rushes to your
                  | aid. [demonic ancestry]
   127 | D:1      | Reached XP level 2. HP: 19/24 MP: 2/2
   545 | D:2      | Reached XP level 3. HP: 22/29 MP: 3/3
   665 | D:2      | Reached skill level 4 in Axes
   822 | D:2      | Noticed Terence
   831 | D:2      | Killed Terence
   955 | D:2      | Gained mutation: You are partially covered in rugged brown
                  | scales. (AC +1, +3% HP) [demonic ancestry]
   955 | D:2      | Reached XP level 4. HP: 29/36 MP: 4/4
  1076 | D:3      | Noticed Jessica
  1080 | D:3      | Killed Jessica
  1080 | D:3      | Reached ** piety under Trog
  1102 | D:3      | Found a sparkling altar of Nemelex Xobeh.
  1497 | D:3      | Reached skill level 5 in Axes
  1521 | D:3      | Found a faded altar of an unknown god.
  1758 | D:4      | Noticed an ogre
  1766 | D:4      | Killed an ogre
  1767 | D:4      | Reached XP level 5. HP: 30/42 MP: 5/5
  1852 | D:4      | Noticed a phantom
  1866 | D:4      | Killed a phantom
  1867 | D:4      | Reached skill level 6 in Axes
  1867 | D:4      | Gained mutation: A demonic guardian rushes to your aid.
                  | [demonic ancestry]
  1867 | D:4      | Reached XP level 6. HP: 43/48 MP: 6/6
  1972 | D:4      | Found Soyr's Magic Scroll Shoppe.
  2046 | D:4      | Bought a scroll of blinking for 75 gold pieces
  2046 | D:4      | Bought a scroll of brand weapon for 95 gold pieces
  2046 | D:4      | Bought a scroll of teleportation for 30 gold pieces
  2105 | D:4      | Found a snail-covered altar of Cheibriados.
  2129 | D:4      | Reached skill level 7 in Axes
  2254 | D:4      | Found The Oracle's Delphic Readings.
  2361 | D:4      | Bought a scroll of fear for 44 gold pieces
  2466 | D:4      | Identified a scroll of acquirement
  2471 | D:4      | Acquired a manual of Shapeshifting
  2526 | D:5      | Entered Level 5 of the Dungeon
  2526 | D:5      | Noticed an orc warrior
  2543 | D:5      | Killed an orc warrior
  2544 | D:5      | Gained mutation: You have large cloven feet. [demonic
                  | ancestry]
  2544 | D:5      | Reached XP level 7. HP: 44/53 MP: 7/7
  2584 | D:5      | Reached skill level 8 in Axes
  2781 | D:5      | Reached *** piety under Trog
  2985 | D:5      | Found a staircase to the Ecumenical Temple.
  2992 | D:5      | Reached skill level 9 in Axes
  2992 | D:5      | Gained mutation: Spells you cast may paralyse adjacent
                  | enemies. [demonic ancestry]
  2992 | D:5      | Reached XP level 8. HP: 59/59 MP: 8/8
  2995 | D:5      | Quit the game

Illustrated notes

Levels and vault maps discovered:
D:1:      scummos_arrival_forest, layout_basic, minmay_misc_feat_four_crosses
D:2:      layout_rooms, hangedman_abyss_or_decor_lesser_grid, uniq_terence
D:3:      layout_basic, lemuel_crystal_altar,
          shapermc_ecumenical_altar_mp_urbaneastern, uniq_jessica
D:4:      layout_rooms, cheibriados_altar_1, serial_shops,
          nicolae_shop_peninsula, minmay_misc_feat_nine_boxes,
          nicolae_nh_oracle_at_delphi
D:5:      layout_rooms, minmay_temple_entry_proselytizer, lemuel_flame_loot_1

Skill      XL: |  1  2  3  4  5  6  7 |
---------------+----------------------+-----
Axes           | 3 4 5 6 7 9 |  9.4
Fighting       | |  3.0
Armour         | |  1.7
Dodging        | |  1.7

Action                     |  1- 3 |  4- 6 |  7- 9 || total
---------------------------+-------+-------+-------++-------
  Melee: Hand axe          |    74 |       |       ||    74
         Punch             |     1 |       |       ||     1
         Broad axe         |       |   107 |    45 ||   152
 Invoke: Berserk           |     2 |     3 |     1 ||     6
    Use: Scroll            |       |     8 |       ||     8
 Armour: Animal skin       |    13 |       |       ||    13
         Ring mail         |    18 |       |       ||    18
         Chain mail        |    15 |   103 |    52 ||   170
  Dodge: Dodged            |    38 |    41 |    17 ||    96

Table legend: (Time is in decaauts)
 A = Elapsed time spent in this place.
 B = Non-inter-level travel time spent in this place.
 C = Inter-level travel time spent in this place.
 D = Time resting spent in this place.
 E = Time spent auto-exploring this place.
 F = Levels seen in this place.
 G = Mean time per level.
                   A        B        C        D        E       F      G
               +--------+--------+--------+--------+--------+-----+--------+
         Total |   3084 |   2996 |     88 |    236 |   2160 |   5 |  616.8 |
       Dungeon |   3084 |   2996 |     88 |    236 |   2160 |   5 |  616.8 |
               +--------+--------+--------+--------+--------+-----+--------+

Top non-repeatable levels by time:
     D:4: 861 daAuts
     D:3: 655 daAuts
     D:2: 567 daAuts
     D:1: 515 daAuts
     D:5: 484 daAuts
